 Dungeon Crawl Stone Soup version 0.26-a0-712-ga5a9c9c9d0 (webtiles) character file.

Game seed: 7687342064872116281

1926 Azzok the Cleaver (level 8, 0/58 HPs)
             Began as a Demonspawn Berserker on Nov 12, 2020.
             Was an Elder of Trog.
             Slain by an orc warrior
             ... wielding a +0 halberd
              (14 damage)
             ... on level 7 of the Dungeon.
             The game lasted 00:06:07 (6713 turns).

Azzok the Cleaver (Demonspawn Berserker)            Turns: 6713, Time: 00:06:07

Health: 0/58       AC: 13    Str: 20    XL:     8   Next: 96%
Magic:  0/8        EV:  8    Int:  8    God:    Trog [****..]
Gold:   201        SH:  0    Dex: 13    Spells: 7/7 levels left

rFire    . . .     SeeInvis .   v - +0 battleaxe
rCold    . . .     Faith    +   (shield currently unavailable)
rNeg     . . .     Spirit   +   w - +0 chain mail
rPois    .         Reflect  .   r - +0 helmet
rElec    .         Harm     .   (no cloak)
rCorr    .         Rampage  .   x - +0 pair of gloves
MR       .....                  u - +0 pair of boots
Stlth    ..........             q - amulet of faith
HPRegen  0.19/turn              (no ring)
MPRegen  0.11/turn              (no ring)

@: berserk cooldown, slowed, studying Fighting, very slow
A: talons 2, yellow scales 1, magic shield
a: Berserk, Trog's Hand, Brothers in Arms, Renounce Religion


You were on level 7 of the Dungeon.
You worshipped Trog.
Trog was greatly pleased with you.
You visited 1 branch of the dungeon, and saw 7 of its levels.

You collected 201 gold pieces.

Inventory:

Hand Weapons
 v - a +0 battleaxe (weapon)
Armour
 r - a +0 helmet (worn)
 u - a +0 pair of boots (worn)
 w - a +0 chain mail (worn)
 x - a +0 pair of gloves (worn)
Jewellery
 q - an amulet of faith (around neck)
Wands
 y - a wand of flame (20)
 A - a wand of polymorph (20)
 B - a wand of disintegration (3)
 C - a wand of random effects (11)
Scrolls
 c - 5 scrolls of teleportation {unknown}
 d - 3 scrolls of identify {unknown}
 f - 2 scrolls of enchant weapon {unknown}
 g - 4 scrolls of immolation {unknown}
 i - a scroll of enchant armour {unknown}
 k - a scroll of blinking {unknown}
 m - a scroll of noise {unknown}
 o - 3 scrolls of fear {unknown}
 p - a scroll of fog {unknown}
 s - a scroll of magic mapping {unknown}
 t - a scroll of remove curse {unknown}
 z - a scroll of silence {unknown}
Potions
 b - a potion of haste {unknown}
 e - 2 potions of brilliance {unknown}
 h - a potion of might {unknown}
 j - 3 potions of degeneration {unknown}
 l - 2 potions of lignification {unknown}
 n - a potion of resistance {unknown}
 D - a potion of curing {unknown}
Books
 a - a manual of Fighting


   Skills:
 - Level 3.0 Fighting
 + Level 10.9 Axes
 - Level 1.7 Armour
 - Level 1.7 Dodging


You had 7 spell levels left.
You didn't know any spells.
Your spell library was empty.

Dungeon Overview and Level Annotations

Branches:
Dungeon (7/15)             Temple (0/1) D:4

Altars:
Nemelex Xobeh
Sif Muna
Xom

Shops:
D:4 (


Innate Abilities, Weirdness & Mutations

You have razor-sharp toenails.
You are partially covered in yellow scales. (AC +2)
When hurt, damage is shared between your health and your magic reserves.


Message History

The orc priest shouts!
The orc warrior misses you.
Things that are here:
a +0 short sword; a +0 ring mail; an orc corpse You feel a strong urge to attack something.
You barely miss the orc warrior.
The orc warrior hits you but does no damage.
You closely miss the orc warrior. You slice the orc priest!!
You kill the orc priest!
Trog accepts your kill.
You slash the orc warrior!
You are no longer berserk.
You are exhausted.
You feel yourself slow down. The orc warrior closely misses you.
You hit the orc warrior.
The orc warrior is moderately wounded.
The orc warrior hits you with a +0 halberd!
* * * LOW MAGIC WARNING * * *
You die...

▒▒ ▒▒▒▒ ▒· ···· ▒· ···
▒· ···
╬▒▒▒▒▒·▒▒▒▒▒▒▒▒▒▒▒▒▒▒▒▒▒
······o·)···············
·······@▒▒▒▒▒▒▒▒▒▒▒·▒▒▒▒
·▒▒▒▒▒·)▒ ▒▒▒'▒▒▒▒ ····▒
▒······· ▒▒▒▒·▒
▒▒▒▒▒······) ···
··········) ·▒·
▒▒········· ·▒··
▒········· ▒╬ ▒·▒
▒·········
▒··▒▒▒▒·····▒▒▒▒


You could see an orc warrior.

Vanquished Creatures
  Eustachio (D:6)
  A phantom (D:4)
  3 ice beasts
  3 centaurs
  3 ogres (D:4)
  A bullfrog (D:6)
  3 scorpions
  2 howler monkeys (D:6)
  2 bullfrog zombies (D:5)
  4 hounds
  A quasit (D:6)
  3 orc priests
  A jelly (D:6)
  2 iguanas
  An orc wizard (D:4)
  2 worker ants
  3 adders
  3 gnolls (D:6)
  A white imp (D:5)
  2 ufetubi
  2 oozes
  3 worms
  5 dart slugs
  2 leopard geckos
  13 orcs
  8 giant cockroaches
  6 hobgoblins
  4 jackals (D:2)
  9 kobolds
  3 quokkas
  8 bats
  6 frilled lizards
  6 goblins
  A leopard gecko skeleton (D:6)
  11 rats
129 creatures vanquished.

Notes
Turn   | Place    | Note
-------+----------+-------------------------------------------
     0 | D:1      | Azzok the Demonspawn Berserker began the quest for the Orb.
     0 | D:1      | Reached XP level 1. HP: 18/18 MP: 1/1
    80 | D:1      | Reached skill level 3 in Axes
   270 | D:1      | Gained mutation: You are partially covered in yellow
                  | scales. (AC +2) [demonic ancestry]
   270 | D:1      | Reached XP level 2. HP: 19/24 MP: 2/2
   698 | D:1      | Reached ** piety under Trog
  1198 | D:2      | Gained mutation: When hurt, damage is shared between your
                  | health and your magic reserves. [demonic ancestry]
  1198 | D:2      | Reached XP level 3. HP: 29/29 MP: 3/3
  1325 | D:2      | Reached skill level 4 in Axes
  1675 | D:2      | Reached XP level 4. HP: 28/35 MP: 4/4
  2363 | D:3      | Reached *** piety under Trog
  2970 | D:4      | Found Tuzenec's Weapon Shop.
  3089 | D:4      | Reached skill level 5 in Axes
  3124 | D:4      | Gained mutation: You have sharp toenails. [demonic
                  | ancestry]
  3124 | D:4      | Reached XP level 5. HP: 34/41 MP: 5/5
  3463 | D:4      | Found a staircase to the Ecumenical Temple.
  3481 | D:4      | Noticed an ogre
  3486 | D:4      | Killed an ogre
  3486 | D:4      | Reached skill level 6 in Axes
  3611 | D:4      | Found a sparkling altar of Nemelex Xobeh.
  3698 | D:4      | Reached XP level 6. HP: 47/47 MP: 6/6
  3739 | D:4      | Reached skill level 7 in Axes
  3888 | D:4      | Reached XP level 7. HP: 39/52 MP: 3/7
  3911 | D:4      | Reached skill level 8 in Axes
  4200 | D:4      | Reached **** piety under Trog
  4630 | D:5      | Entered Level 5 of the Dungeon
  4733 | D:5      | Found a shimmering blue altar of Sif Muna.
  4733 | D:5      | Found a shimmering altar of Xom.
  4776 | D:5      | Reached skill level 9 in Axes
  4776 | D:5      | Gained mutation: You have razor-sharp toenails. [demonic
                  | ancestry]
  4776 | D:5      | Reached XP level 8. HP: 7/58 MP: 1/8
  5635 | D:6      | Noticed Eustachio
  5647 | D:6      | Killed Eustachio
  5649 | D:6      | Reached skill level 10 in Axes
  6713 | D:7      | Slain by an orc warrior

Illustrated notes

Levels and vault maps discovered:
D:1:      doesnt_arrival_eight_statues, layout_loops_ring, minmay_hexomino_c4
D:2:      layout_loops_ring
D:3:      layout_basic
D:4:      minmay_door_path, layout_basic, nicolae_overflow_hidden_temple,
          temple_pool_b, serial_shops, shop, nemelex_spade_bored_becter
D:5:      layout_basic, gammafunk_temple_overflow_elements, minmay_manual_mares
D:6:      layout_loops_cross, hex_medium, minmay_misc_feat_secret_circle,
          uniq_eustachio
D:7:      layout_basic, lemuel_crystal_altar, basic_altar,
          corexii_item_surrounded_by_moat

Skill      XL: |  1  2  3  4  5  6  7  8 |
---------------+-------------------------+-----
Axes           | 3 4 5 6 7 9 10 | 10.9
Fighting       | |  3.0
Armour         | |  1.7
Dodging        | |  1.7

Action                   |  1- 3 |  4- 6 |  7- 9 || total
-------------------------+-------+-------+-------++-------
Melee: Hand axe          |   165 |   103 |       ||   268
       Battleaxe         |       |    60 |   142 ||   202
       Kick              |       |    15 |    14 ||    29
Invok: Berserk           |       |     1 |     3 ||     4
Armor: Animal skin       |    14 |       |       ||    14
       Ring mail         |    64 |     9 |       ||    73
       Scale mail        |       |    63 |     5 ||    68
       Chain mail        |       |       |   102 ||   102
Dodge: Dodged            |   116 |    72 |    88 ||   276

Table legend: (Time is in decaauts)
 A = Elapsed time spent in this place.
 B = Non-inter-level travel time spent in this place.
 C = Inter-level travel time spent in this place.
 D = Time resting spent in this place.
 E = Time spent auto-exploring this place.
 F = Levels seen in this place.
 G = Mean time per level.
                   A        B        C        D        E       F      G
               +--------+--------+--------+--------+--------+-----+--------+
         Total |   6806 |   6553 |    253 |    347 |   5050 |   7 |  972.3 |
       Dungeon |   6806 |   6553 |    253 |    347 |   5050 |   7 |  972.3 |
               +--------+--------+--------+--------+--------+-----+--------+

Top non-repeatable levels by time:
     D:4: 1455 daAuts
     D:1: 1187 daAuts
     D:3: 1075 daAuts
     D:5: 1007 daAuts
     D:2: 968 daAuts
     D:6: 869 daAuts
     D:7: 243 daAuts
